 Dungeon Crawl Stone Soup version 0.31.0-12-g77e489cdc1 (webtiles) character file.

Game seed: 3382406375435614082

3895 gohu the Destroyer (level 10, -4/60 HPs)
             Began as a Gargoyle Earth Elementalist on Feb 26, 2024.
             Was a Believer of Sif Muna.
             Slain by a very large slime creature (46 damage)
             ... on level 8 of the Dungeon.
             The game lasted 00:31:12 (9288 turns).

gohu the Destroyer (Gargoyle Earth Elementalist)    Turns: 9288, Time: 00:31:13

Health: -4/60      AC: 12    Str: 12    XL:     10   Next: 20%
Magic:  18/18      EV: 11    Int: 20    God:    Sif Muna [**....]
Gold:   962        SH:  0    Dex: 16    Spells: 9/20 levels left

rFire   . . .        k - +0 sling
rCold   + . .        (no shield)
rNeg    + . .        x - +1 leather armour {Will+}
rPois   ∞            l - +0 helmet
rElec   +            (no cloak)
rCorr   .            (no gloves)
SInv    .            (no boots)
Will    +....        d - amulet of magic regeneration
Stlth   ++           q - ring of protection from cold
HPRegen 0.30/turn    D - +6 ring of dexterity
MPRegen 0.56/turn

%: no passive effects
@: no status effects
A: sickness immunity, AC +7, negative energy resistance 1, electricity
resistance, torment resistance 1, petrification resistance
a: Renounce Religion, Channel Magic


You were on level 8 of the Dungeon.
You worshipped Sif Muna.
Sif Muna was pleased with you.
You visited 2 branches of the dungeon, and saw 9 of its levels.
You also visited: Sewer.

You collected 1352 gold pieces.
You spent 390 gold pieces at shops.

Inventory:

Hand Weapons
 i - a +0 vampiric dagger
 k - a +0 sling (weapon)
Missiles
 n - 16 boomerangs
 C - 4 javelins
Armour
 a - a +0 robe
 l - a +0 helmet (worn)
 v - the +1 leather armour of Kadav {rElec rCorr}
   (You found it on level 4 of the Dungeon)

   rElec:     It insulates you from electricity.
   rCorr:     It protects you from acid and corrosion.
 x - a +1 leather armour of willpower (worn)
 A - a +2 leather armour of cold resistance
 J - +0 steam dragon scales
Magical Staves
 w - a staff of conjuration
Jewellery
 d - an amulet of magic regeneration (around neck)
 q - a ring of protection from cold (left hand)
 D - a +6 ring of dexterity (right hand)
 N - an amulet of faith
Talismans
 c - a serpent talisman
Wands
 y - a wand of polymorph (8)
 I - a wand of mindburst (14)
Scrolls
 f - a scroll of fear
 h - 3 scrolls of noise {unknown}
 m - a scroll of enchant armour
 r - a scroll of silence
 s - 4 scrolls of teleportation
 t - a scroll of amnesia
 B - 2 scrolls of blinking {unknown}
 F - a scroll of identify
 G - a scroll of torment {unknown}
 H - a scroll of acquirement
 L - a scroll of enchant weapon {unknown}
Potions
 b - 2 potions of magic
 e - 3 potions of might
 g - 8 potions of heal wounds
 j - 4 potions of enlightenment
 o - 2 potions of attraction
 p - a potion of resistance
 u - 2 potions of lignification
 z - a potion of mutation
 E - 3 potions of curing {unknown}
 K - a potion of haste {unknown}
 M - a potion of experience {unknown}
 O - a potion of degeneration {unknown}


   Skills:
 + Level 6.2 Fighting
 + Level 2.4 Ranged Weapons
 + Level 2.6 Armour
 - Level 1.5 Dodging
 - Level 2.1 Stealth
 + Level 5.5 Spellcasting
 * Level 9.0 Conjurations
 * Level 9.0 Earth Magic
 + Level 2.5 Invocations
 + Level 1.6 Evocations


You had 9 spell levels left.
You knew the following spells:

 Your Spells              Type           Power      Damage    Failure   Level
a - Sandblast             Erth           82%        2d17      1%          1
b - Stone Arrow           Conj/Erth      82%        3d12      1%          3
c - Brom's Barrelling Bo  Conj/Erth      41%        2d6       3%          4
d - Passwall              Erth           41%        N/A       1%          3

Your spell library contained the following spells:

 Spells                   Type           Power      Damage    Failure   Level
 Magic Dart               Conj           100%       1d8       1%          1
 Searing Ray              Conj           82%        2d7       1%          2
 Kiss of Death            Conj/Necr      92%        2d12      2%          1
 Sting                    Conj/Alch      92%        1d8       2%          1
 Momentum Strike          Conj/Tloc      46%        3d9       3%          2
 Call Imp                 Summ           10%        N/A       22%         2
 Fulminant Prism          Conj/Alch      11%        3d8       22%         4
 Petrify                  Alch/Erth      23%        N/A       22%         4
 Confusing Touch          Hex            5%         N/A       38%         3
 Gell's Gravitas          Tloc           5%         N/A       38%         3
 Dispel Undead            Necr           5%         3d7       80%         4
 Vhi's Electric Charge    Tloc/Air       10%        N/A       80%         4
 Summon Hydra             Summ           2%         N/A       100%        7
 Lehudib's Crystal Spear  Conj/Erth      20%        10d6      100%        8
 Sublimation of Blood     Necr           Unusable   N/A       N/A         2

Dungeon Overview and Level Annotations

Branches:
Dungeon (8/15)             Temple (1/1) D:7           Sewer (visited)
   Lair: D:8-11

Altars:
Ashenzari
Cheibriados
Dithmenos
Elyvilon
Gozag
Hepliaklqana
Kikubaaqudgha
Makhleb
Nemelex Xobeh
Qazlal
Ru
Sif Muna
Uskayaw
Vehumet
Wu Jian
Xom
Yredelemnul
Zin
The Shining One

Shops:
D:4 *

Annotations:
D:6 Jeremiah
D:7 exclusion: downstairs


Innate Abilities, Weirdness & Mutations

You are immune to sickness and miasma.
Your stone body is resilient. (AC +7)
You are immune to poison.
You resist negative energy. (rN+)
You are resistant to electric shocks. (rElec)
You are resistant to unholy torment.
You are immune to petrification.


Message History

Confirm with . or Enter, or press ? or * to list all spells.
Aiming: Sandblast (safe; 1% risk of failure)
Press: ? - help, Shift-Dir - straight line, f/p - slime creature
Aim: a slime creature (moderately wounded, 96% to hit)
The blast of sand hits the slime creature!!
The slime creature is severely wounded.
The slime creature hits you but does no damage.
Casting: Sandblast (safe; 1% risk of failure)
Confirm with . or Enter, or press ? or * to list all spells.
Aiming: Sandblast (safe; 1% risk of failure)
Press: ? - help, Shift-Dir - straight line, f/p - slime creature
Aim: a slime creature (severely wounded, 96% to hit)
The blast of sand hits the slime creature!!
You kill the slime creature!
Sif Muna accepts your kill. The slime creature barely misses you.
Your Conjurations skill increases to level 9!
Your Earth Magic skill increases to level 9!
Casting: Sandblast (safe; 1% risk of failure)
Confirm with . or Enter, or press ? or * to list all spells.
Aiming: Sandblast (safe; 1% risk of failure)
Press: ? - help, Shift-Dir - straight line, f - slime creature
Aim: a slime creature (lightly wounded, 96% to hit)
The blast of sand hits the slime creature!
The slime creature is moderately wounded.
The large slime creature hits you!! The slime creature hits you!
The large slime creature attacks as it pursues you!
The large slime creature closely misses you.
The slime creature attacks as it pursues you!
The slime creature barely misses you.
The large slime creature attacks as it pursues you!
The large slime creature hits you but does no damage.
The large slime creature attacks as it pursues you!
The large slime creature barely misses you.
Two slime creatures merge to form a very large slime creature.
There is a stone staircase leading down here.
The very large slime creature attacks as it pursues you!
The very large slime creature hits you!!!
Ouch! That really hurt!
You die...

#.......'....<..#)......#
#.......##......#.......#
#.......##......#.......#
#.......##......#.......#
##...............#....)..#
#................#.......#
#..............).#.......#
#........#######)#.......#
##.......#......@.)......#
.#########.....J..)......#
.# #...............# .#
#...............# .#
#..>............# .#
#.J.............#
.#########...............#
.....J............########
..........#########


You could see a very large slime creature and a slime creature.

Vanquished Creatures
  A manticore (D:7)
  Grinder (D:5)
  A slime creature (D:8)
  Sigmund (D:3)
  2 steam dragons
  Edmund (D:5)
  Menkaure (D:5)
  Duvessa (D:5)
  2 water moccasins (D:7)
  An orc warrior (D:6)
  3 sky beasts
  An ice beast (D:6)
  A black bear (D:7)
  A crocodile (Sewer)
  An ogre (D:7)
  A phantom (D:4)
  A centaur (D:8)
  2 kobold brigands
  Blork the orc (D:5)
  3 bullfrogs
  Dowan (D:5)
  5 wights
  3 bombardier beetles
  3 hounds
  2 orc priests
  Ijyb (D:5)
  2 sleepcaps (D:6)
  3 iguanas
  3 orc wizards
  Robin (D:2)
  5 adders
  2 river rats (D:5)
  A white imp (D:7)
  4 ufetubi
  6 ribbon worms
  5 dart slugs
  9 orcs
  11 ball pythons
  4 bats
  10 endoplasms
  7 giant cockroaches
  15 goblins
  5 hobgoblins
  5 jackals
  16 kobolds
  8 quokkas
  3 frilled lizards
  8 rats
175 creatures vanquished.

Vanquished Creatures (collateral kills)
  A boulder (D:7)
1 creature vanquished.

Vanquished Creatures (others)
  3 boulders
3 creatures vanquished.

Grand Total: 179 creatures vanquished

Notes
Turn   | Place    | Note
-------+----------+-------------------------------------------
     0 | D:1      | gohu the Gargoyle Earth Elementalist began the quest for
                  | the Orb.
     0 | D:1      | Reached XP level 1. HP: 10/10 MP: 3/3
   213 | D:1      | Reached XP level 2. HP: 15/15 MP: 3/5
   660 | D:1      | Reached skill level 5 in Earth Magic
   660 | D:1      | Reached XP level 3. HP: 19/19 MP: 4/6
  1141 | D:2      | Noticed Robin
  1156 | D:2      | Killed Robin
  1333 | D:2      | Reached XP level 4. HP: 24/24 MP: 0/7
  1634 | D:2      | Reached skill level 1 in Fighting
  2813 | D:3      | Found a hazy altar of Hepliaklqana.
  2990 | D:3      | Reached XP level 5. HP: 29/29 MP: 6/8
  3361 | D:3      | Noticed Sigmund
  3538 | D:4      | Found an ancient bone altar of Kikubaaqudgha.
  3538 | D:4      | Found a sparkling altar of Nemelex Xobeh.
  3541 | D:4      | Found an ornate altar of the Wu Jian Council.
  3542 | D:4      | Found a shimmering blue altar of Sif Muna.
  3543 | D:4      | Found a burning altar of Makhleb.
  3548 | D:4      | Became a worshipper of Sif Muna the Loreminder
  3614 | D:4      | Noticed a phantom
  3620 | D:4      | Killed a phantom
  3621 | D:4      | Reached XP level 6. HP: 35/35 MP: 4/10
  3805 | D:4      | Found Vigasim's Neck Hole.
  4186 | D:4      | Identified the +1 leather armour of Kadav {rElec rCorr}
  4453 | D:4      | Found a glowing silver altar of Zin.
  4453 | D:4      | Noticed an angel
  4756 | D:3      | Killed Sigmund
  4757 | D:3      | Reached XP level 7. HP: 41/41 MP: 7/11
  4763 | D:3      | Learned a level 3 spell: Stone Arrow
  4768 | D:3      | Learned a level 4 spell: Brom's Barrelling Boulder
  4772 | D:3      | Learned a level 3 spell: Passwall
  4984 | D:5      | Entered Level 5 of the Dungeon
  5042 | D:5      | Identified 2 scrolls of acquirement
  5042 | D:5      | Acquired a staff of conjuration
  5048 | D:5      | Acquired the Parchment of the Planar Salvo
  5054 | D:5      | Noticed Grinder
  5065 | D:5      | Noticed Edmund
  5100 | D:5      | Killed Edmund
  5101 | D:5      | Reached skill level 5 in Conjurations
  5162 | D:5      | Noticed Duvessa
  5165 | D:5      | Noticed Menkaure
  5251 | D:5      | Killed Grinder
  5339 | D:5      | Reached XP level 8. HP: 48/48 MP: 10/13
  5352 | D:5      | Noticed Dowan
  5355 | D:5      | Killed Duvessa
  5356 | D:5      | Killed Menkaure
  5357 | D:5      | Killed Dowan
  5454 | D:5      | Found a sacrificial altar of Ru.
  5533 | D:5      | Found a hide-covered altar of Uskayaw.
  5587 | D:5      | Reached * piety under Sif Muna
  5612 | D:5      | Found a glowing drain.
  5616 | Sewer    | Entered a sewer
  6145 | Sewer    | Acquired 992 gold pieces
  6421 | D:5      | Noticed Ijyb
  6431 | D:5      | Killed Ijyb
  6672 | D:5      | Found a glowing golden altar of the Shining One.
  6710 | D:5      | Noticed Blork the orc
  6714 | D:5      | Killed Blork the orc
  7017 | D:4      | Bought an amulet of magic regeneration for 390 gold pieces
  7153 | D:6      | Reached skill level 5 in Fighting
  7153 | D:6      | Reached XP level 9. HP: 43/54 MP: 4/16
  7517 | D:6      | Noticed Jeremiah
  7635 | D:7      | Reached ** piety under Sif Muna
  7636 | D:7      | Reached skill level 5 in Spellcasting
  7912 | D:7      | Reached skill level 1 in Armour
  7912 | D:7      | Reached skill level 1 in Invocations
  7916 | D:7      | Reached skill level 1 in Ranged Weapons
  8007 | D:7      | Noticed a manticore
  8017 | D:7      | Killed a manticore
  8230 | D:7      | Reached skill level 1 in Evocations
  8340 | D:7      | Found a staircase to the Ecumenical Temple.
  8347 | Temple   | Entered the Ecumenical Temple
  8941 | D:7      | Reached XP level 10. HP: 43/60 MP: 16/18
  9288 | D:8      | Slain by a very large slime creature

Illustrated notes

Levels and vault maps discovered:
D:1:      minmay_arrival_solitary_statue, layout_basic, amethyst_killhole,
          minmay_nonomino_d4
D:2:      layout_basic, hangedman_decor_points, minmay_misc_feat_nine_boxes,
          chequers_serial_rivers_micro_d, chequers_avenue, uniq_robin
D:3:      layout_basic, mainiacjoe_overflow_six_doors_small,
          kennysheep_generic_room_12, uniq_sigmund
D:4:      layout_loops_ring, zin_angel, minitemple,
          nicolae_shop_sticking_my_neck_out
D:5:      layout_basic, mainiacjoe_overflow_tiny_flanked,
          mainiacjoe_overflow_24_doors, nicolae_ru_great_annihilating_truth,
          gup_sewer_entry_spiral, nicolae_sextant, uniq_grinder,
          uniq_blork_the_orc, uniq_menkaure, uniq_ijyb, uniq_duvessa,
          uniq_edmund
D:6:      layout_loops_ring, fedhas_altar_4, uniq_eustachio, uniq_jeremiah
D:7:      layout_basic, temple_green
D:8:      layout_gridville, serial_glass, glass_columns_a, glass_columns_b
Temple:   nicolae_temple_ecumenical_triangle

Skill      XL: |  1  2  3  4  5  6  7  8  9 10 |
---------------+-------------------------------+-----
Earth Magic    | 4 5 6 7 8 9 |  9.0
Conjurations   | 2 3 4 5 7 8 9 |  9.0
Fighting       | 1 2 3 5 6 |  6.2
Spellcasting   | 3 4 5 |  5.5
Armour         | 2 |  2.6
Invocations    | 2 |  2.5
Ranged Weapons | 2 |  2.4
Evocations     | 1 |  1.6
Dodging        | |  1.5
Stealth        | |  2.1

Action                     |  1- 3 |  4- 6 |  7- 9 | 10-12 || total
---------------------------+-------+-------+-------+-------++-------
  Melee: Unarmed           |     1 |       |       |       ||     1
   Fire: Sling             |     5 |    48 |    69 |    13 ||   135
   Cast: Sandblast         |    44 |    69 |   149 |    17 ||   279
         Stone Arrow       |       |       |    26 |     4 ||    30
         Passwall          |       |       |     1 |       ||     1
         Brom's Barrelling |       |       |     4 |       ||     4
    Use: Scroll            |       |       |    21 |       ||    21
 Armour: Robe              |    11 |    26 |    63 |       ||   100
         Leather armour    |       |       |    14 |    10 ||    24
  Dodge: Dodged            |    15 |    22 |    59 |    13 ||   109
